Map: Orbital Shipyard

Players

BanditZone - Winner!

  • Race: Terran Terran
  • League: Master

Miszu

  • Race: Terran Terran
  • League: Grandmaster

VOD

Have the link to the VOD?

Description

Time

  • Played on: Feb. 20, 2016, 2:15 p.m.
  • Length: 2:09
Show
View Real Time Build Order
Export as new Build Order

BanditZone Terran - Winner!

Build Orders:  

Get SALT Encoding   

  12  0:08  Supply Depot  
  12  0:13  SCV  
  13  0:31  Barracks  
  13  0:38  Refinery  
  13  0:52  Barracks  
  13  1:02  SCV  
  14  1:14  SCV  
  15  1:22  Reaper  
  16  1:26  Orbital Command  
  16  1:43  Bunker  
  17  1:54  Supply Depot  
Show
View Real Time Build Order
Export as new Build Order

Miszu Terran 

Build Orders:  

Get SALT Encoding   

  12  0:00  SCV  
  13  0:12  SCV  
  14  0:19  Supply Depot  
  14  0:27  SCV  
  15  0:40  SCV  
  16  0:43  Barracks  
  16  0:46  Refinery  
  16  0:52  SCV  
  17  1:04  SCV  
  18  1:17  SCV  
  19  1:30  Orbital Command  
  19  1:32  Barracks Reactor  
  19  1:42  Marine  
  20  1:47  Supply Depot  
  20  1:55  Bunker  
  20  1:57  Factory  
  20  1:58  Bunker  
Tags
 
Add a new tag
Caveats
  • Supply blocks, unpowered buildings, or Contaminate may cause inaccurate times.
  • Supply counts are checked every 10 seconds.